 Dungeon Crawl Stone Soup version 0.27-a0-1154-gfdeffcb720 (webtiles) character file.

Game seed: 16666932436695845045

82 ZappyNine the Shield-Bearer (level 4, -2/38 HPs)
             Began as a Formicid Fighter on May 14, 2021.
             Slain by a gnoll
             ... wielding a +0 spear
              (3 damage)
             ... on level 3 of the Dungeon.
             The game lasted 00:01:38 (2324 turns).

ZappyNine the Shield-Bearer (Formicid Fighter)      Turns: 2324, Time: 00:01:39

Health: -2/38      AC:  8    Str: 21    XL:     4   Next: 70%
Magic:  4/4        EV:  8    Int:  8    God:
Gold:   109        SH: 10    Dex: 10    Spells: 3/3 levels left

rFire    . . .     SeeInvis +   a - +0 long sword
rCold    . . .     Faith    .   c - +0 kite shield
rNeg     . . .     Spirit   .   b - +0 scale mail
rPois    .         Reflect  .   (helmet unavailable)
rElec    .         Harm     .   (no cloak)
rCorr    .         Rampage  .   l - +0 pair of gloves
Will     .....                  (no boots)
Stlth    ..........             (no amulet)
HPRegen  0.12/turn              (no ring)
MPRegen  0.09/turn              (no ring)

@: no status effects
A: permanent stasis, dig shafts and tunnels, antennae 3, four strong arms
a: Dig, Shaft Self


You were on level 3 of the Dungeon.
You visited 1 branch of the dungeon, and saw 3 of its levels.

You collected 109 gold pieces.

Inventory:

Hand Weapons
 a - a +0 long sword (weapon)
Armour
 b - a +0 scale mail (worn)
 c - a +0 kite shield (worn)
 l - a +0 pair of gloves (worn)
Scrolls
 e - a scroll of immolation {unknown}
 f - 2 scrolls of identify {unknown}
 g - 2 scrolls of enchant weapon {unknown}
 j - 3 scrolls of teleportation {unknown}
 k - a scroll of brand weapon {unknown}
 n - a scroll of torment {unknown}
Potions
 d - a potion of might
 h - a potion of attraction
 i - a potion of berserk rage {unknown}
 m - a potion of curing {unknown}
 o - a potion of degeneration {unknown}


   Skills:
 + Level 4.4 Fighting
 - Level 2.1 Long Blades
 - Level 3.4 Armour
 + Level 4.9 Shields


You had 3 spell levels left.
You didn't know any spells.
Your spell library contained the following spells:

 Spells                   Type           Power      Damage    Failure   Level
 Foxfire                  Conj/Fire      0%         2x1d4     95%         1
 Poisonous Vapours        Pois/Air       0%         N/A       99%         2
 Fulminant Prism          Conj/Hex       0%         3d6       100%        4
 Hailstorm                Conj/Ice       0%         3d3       100%        4
 Irradiate                Conj/Tmut      0%         3d14      100%        5


Dungeon Overview and Level Annotations

Branches:
Dungeon (3/15)

Altars:

Shops:
D:3 (


Innate Abilities, Weirdness & Mutations

You cannot be hasted, slowed, berserked, paralysed or teleported.
You can dig through walls and to a lower floor.
You have a pair of large antennae on your head. (SInv)
Your four strong arms can wield two-handed weapons with a shield.


Message History

You block the white imp's attack.
You barely miss the white imp.
The white imp is almost dead.
The white imp barely misses you. The white imp gestures at you.
The puff of frost misses you.
You closely miss the white imp.
The white imp is almost dead.
The white imp gestures at you. The puff of frost hits you.
You feel less attractive to monsters.
You barely miss the white imp.
The white imp is almost dead.
The white imp gestures at you. The puff of frost hits you!
* * * LOW HITPOINT WARNING * * *
You block the white imp's attack.
You hit the white imp.
You kill the white imp!
You block the hobgoblin's attack.
You barely miss the hobgoblin.
The hobgoblin drinks a potion.
The hobgoblin seems to speed up.
You barely miss the hobgoblin. You block the hobgoblin's attack. x2
You closely miss the hobgoblin. The hobgoblin closely misses you.
You riposte.
You slash the hobgoblin!
You kill the hobgoblin!
You slash the rat!
You kill the rat!
The gnoll hits you with a +0 spear.
* * * LOW HITPOINT WARNING * * *
You slash the gnoll!
The gnoll is almost dead.
You feel a little less mighty now. The gnoll hits you but does no damage.
You closely miss the gnoll.
The gnoll is almost dead.
You block the gnoll's attack.
You closely miss the gnoll.
The gnoll is almost dead.
The gnoll hits you with a +0 spear.
You die...

....##...# #.# #... ..(.##...#
#.## #... ....##...# #..# #...
.#+###...## ##.# #########...
.#.##.....########.###...........
...(.................'...[.......
#+#.#.†...########..##........###
'∩'.#.....## ##g###.##........#
#+###......###{#@##..#........# .
#.......#{######.####.#####
.............{{...# .. #.#
.##.#.##.###.####.# #.# #.#
.##.#.##{# #.# .# #.# .##
..........g...# .. .# .
.#.##g###g##.# ).{.. g.. .#{#.
##.


You could see a gnoll.

Vanquished Creatures
  An adder (D:2)
  A gnoll (D:3)
  A white imp (D:3)
  2 adder skeletons (D:2)
  A dart slug (D:2)
  3 orcs (D:3)
  A ball python (D:2)
  A bat skeleton (D:2)
  3 endoplasms (D:2)
  3 giant cockroaches (D:1)
  3 goblins (D:1)
  3 hobgoblins
  3 jackals (D:2)
  4 quokkas
  6 bats
  2 frilled lizards
  A kobold (D:3)
  A quokka skeleton (D:2)
  A quokka zombie (D:2)
  2 rats
43 creatures vanquished.

Notes
Turn   | Place    | Note
-------+----------+-------------------------------------------
     0 | D:1      | ZappyNine the Formicid Fighter began the quest for the Orb.
     0 | D:1      | Reached XP level 1. HP: 18/18 MP: 1/1
   273 | D:1      | Reached XP level 2. HP: 17/24 MP: 2/2
  1044 | D:2      | Found a faded altar of an unknown god.
  1063 | D:2      | Identified Punk's Grimoire of Floating Attacks
  1138 | D:2      | Reached XP level 3. HP: 29/30 MP: 3/3
  1629 | D:2      | Reached XP level 4. HP: 37/37 MP: 4/4
  2258 | D:3      | Found Cuasomo's Weapon Shop.
  2321 | D:3      | HP: 1/38 [gnoll/+0 spear (2)]
  2324 | D:3      | Slain by a gnoll

Illustrated notes

Levels and vault maps discovered:
D:1:      lightli_arrival_lavapool, layout_rooms, roderic_lattice_a,
          minmay_misc_feat_five
D:2:      layout_basic, hellmonk_ecumenical_altar_lost_god, serial_undead,
          serial_undead_a, serial_undead_a, serial_undead_a, serial_undead_b,
          kennysheep_nub
D:3:      layout_basic, lemuel_round_altar, kennysheep_vampire_church,
          serial_shops, nicolae_shop_waterfront, nicolae_shop_behind_doors,
          minmay_diced_spiral

Skill      XL: |  1  2  3 |
---------------+----------+-----
Shields        | 4 |  4.9
Fighting       | 4 |  4.4
Long Blades    | |  2.1
Armour         | |  3.4

Action                   |  1- 3 |  4- 6 || total
-------------------------+-------+-------++-------
Melee: Long sword        |    88 |    63 ||   151
 Abil: Dig               |       |     1 ||     1
  Use: Potion            |       |     2 ||     2
Armor: Scale mail        |    50 |    29 ||    79
Dodge: Dodged            |    39 |    24 ||    63
Block: Kite shield       |    60 |    50 ||   110
       Rpst.: Long sword |    14 |     5 ||    19

Table legend: (Time is in decaauts)
 A = Elapsed time spent in this place.
 B = Non-inter-level travel time spent in this place.
 C = Inter-level travel time spent in this place.
 D = Time resting spent in this place.
 E = Time spent auto-exploring this place.
 F = Levels seen in this place.
 G = Mean time per level.
                   A        B        C        D        E       F      G
               +--------+--------+--------+--------+--------+-----+--------+
         Total |   2393 |   2351 |     42 |    257 |   1735 |   3 |  797.7 |
       Dungeon |   2393 |   2351 |     42 |    257 |   1735 |   3 |  797.7 |
               +--------+--------+--------+--------+--------+-----+--------+

Top non-repeatable levels by time:
     D:2: 963 daAuts
     D:1: 931 daAuts
     D:3: 498 daAuts
